 Dungeon Crawl Stone Soup version 0.21-a0-460-g737a915 (webtiles) character file.

28 tof the Sneak (level 3, 0/25 HPs)
             Began as an Octopode Assassin on Nov 20, 2017.
             Slain by an ice beast (6 damage)
             ... on level 2 of the Dungeon.
             The game lasted 00:01:13 (1030 turns).

tof the Sneak (Octopode Assassin)                   Turns: 1030, Time: 00:01:14

Health: 0/25       AC:  1    Str: 10    XL:     3   Next: 14%
Magic:  3/3        EV: 13    Int: 13    God:
Gold:   54         SH:  0    Dex: 14    Spells: 2/2 levels left

rFire    . . .     SeeInvis .   a - +2 dagger
rCold    . . .     Gourm    .   (no shield)
rNeg     . . .     Faith    .   (helmet restricted)
rPois    .         Spirit   .   (no amulet)
rElec    .         Reflect  .   (no ring)
rCorr    .         Harm     .   (no ring)
MR       .....                  (no ring)
Stlth    ++++......             (no ring)
HPRegen  0.08/turn              (no ring)
MPRegen  0.08/turn              (no ring)
                                (no ring)
                                (no ring)

@: no status effects
A: almost no armour, stealthy swim, amphibious, 8 rings, constrict 8, camouflage
1, gelatinous body 1
a: no special abilities


You were on level 2 of the Dungeon.
You were not hungry.

You visited 1 branch of the dungeon, and saw 2 of its levels.

You collected 54 gold pieces.

Inventory:

Hand Weapons
 a - a +2 dagger (weapon)
 b - a +0 blowgun
Missiles
 c - 10 poisoned needles
 d - 2 curare-tipped needles
Scrolls
 j - a scroll of blinking {unknown}
 n - a scroll of remove curse {unknown}
Potions
 e - 2 potions of curing {unknown}
 g - a potion of heal wounds {unknown}
 h - a potion of agility {unknown}
 i - a potion of brilliance {unknown}
 k - a potion of haste {unknown}
Comestibles
 f - a bread ration
 l - a meat ration
 m - a royal jelly
 o - 2 chunks of flesh


   Skills:
 + Level 2.3 Fighting
 * Level 2.5 Short Blades
 + Level 2.3 Throwing
 + Level 1.3 Dodging
 + Level 5.5 Stealth


You had 2 spell levels left.
You didn't know any spells.

Dungeon Overview and Level Annotations

Branches:
Dungeon (2/15)

Altars:


Innate Abilities, Weirdness & Mutations

You cannot wear most types of armour.
You are very stealthy in the water. (Stealth+)
You are amphibious.
You can wear up to eight rings at the same time.
You can use your tentacles to constrict eight enemies at once.
Your skin changes colour to match your surroundings (Stealth+).
Your rubbery body absorbs attacks. (AC +1, EV +1)


Message History

Aim: an ice beast (lightly wounded)
You shoot a poisoned needle. The poisoned needle hits the ice beast.
The ice beast is poisoned.
The ice beast is lightly wounded.
a - a +2 dagger (weapon)
The ice beast misses you.
The ice beast looks more healthy.
The kobold throws a stone.
The stone misses you.
The kobold throws a stone.
The stone misses you.
You see here a stone.
The kobold throws a stone.
The stone barely misses you.
You hit the ice beast but do no damage. You squeeze the ice beast!
The ice beast is severely wounded.
The ice beast hits you. The ice beast freezes you!
You hit the ice beast but do no damage. You squeeze the ice beast.
The ice beast is severely wounded.
The ice beast hits you.
* * * LOW HITPOINT WARNING * * *
The ice beast freezes you.
You die...

#..#..#.# #.....#.#
###...#.#.#
###....(..#.#########
......(.(.....(.....#
###..$....#<#######.#
)..##...#.#># #.# #
#...#.#.#######.#
##..#.#...(@Y..#.......
#..#.#####..K###.###.#
...#.# #.#..# ##
##.##.# #.#.#.# #.#.#.#
..#.# # ##... .#.


You could see an ice beast and a kobold.

Vanquished Creatures
  2 bats (D:1)
  3 giant cockroaches
  9 goblins
  3 hobgoblins (D:1)
  A frilled lizard (D:1)
  3 kobolds (D:1)
  5 rats
26 creatures vanquished.

Notes
Turn   | Place    | Note
-------+----------+-------------------------------------------
     0 | D:1      | tof the Octopode Assassin began the quest for the Orb.
     0 | D:1      | Reached XP level 1. HP: 14/14 MP: 1/1
   104 | D:1      | Reached XP level 2. HP: 19/19 MP: 2/2
   728 | D:1      | Reached XP level 3. HP: 15/24 MP: 3/3
   918 | D:2      | Noticed an ice beast
  1030 | D:2      | Slain by an ice beast

Vault maps used:
D:1:      evilmike_arrival_hilbert_curve
D:2:      zin_academy, uniq_sigmund

Action                   || total
-------------------------++-------
Melee: Dagger            ||    42
       Constrict         ||    11
       Tentacles         ||     6
 Fire: Blowgun           ||     6
 Stab: Sleeping          ||     8
Armor: Skin              ||     2
Dodge: Dodged            ||    19

Table legend:
 A = Spawn XP
 B = Non-spawn XP
 C = Spawn XP percentage of total XP
 D = Spawn monster count
 E = Non-spawn monster count
 F = Spawn count percentage of total count
 G = Total turns spent on level
                    A         B        C        D         E        F      G
               +---------+---------+-------+---------+---------+-------+---------
         Total |       0 |      41 |   0.0 |       0 |      26 |   0.0 |  1030
               +---------+---------+-------+---------+---------+-------+---------
           D:1 |       0 |      36 |   0.0 |       0 |      23 |   0.0 |   899
           D:2 |       0 |       5 |   0.0 |       0 |       3 |   0.0 |   131
               +---------+---------+-------+---------+---------+-------+---------
